 Dungeon Crawl Stone Soup version 0.31-a0-1009-g454b1f1e0a (webtiles) character file.

Game seed: 17317747393074931017

46146 Malachi the Metamorph (level 14, -1/113 HPs)
             Began as a Demonspawn Monk on Nov 16, 2023.
             Was a Follower of Yredelemnul.
             Slain by a cyan ugly thing (17 damage)
             ... on level 13 of the Dungeon.
             The game lasted 00:33:59 (21089 turns).

Malachi the Metamorph (Demonspawn Monk)            Turns: 21089, Time: 00:34:00

Health: -1/113     AC: 25    Str: 22    XL:     14   Next: 3%
Magic:  18/21      EV: 13    Int: 13    God:    Yredelemnul [*.....]
Gold:   1053       SH:  0    Dex: 20    Spells: 13/13 levels left

rFire   . .          .
                       - Unarmed
rCold   . . .        c - melded orb {light}
rNeg    . . .        N - +3 plate armour of the Journeyman {Drain Will+ Regen+}
rPois   .            (helmet unavailable)
rElec   .            H - +0 cloak
rCorr   .            F - +2 pair of gloves
SInv    .            a - +0 pair of boots {Fly}
Will    +++..        d - amulet of faith Stlth
                     K - +5 ring of evasion
HPRegen 1.18/turn    V - +6 ring of strength
MPRegen 0.17/turn

%: faith
@: flux-form, marked, flying, glowing
A: glow, contaminating, horns 3, thin metallic scales 2, foul stench 2, spiny 2,
torment resistance 1, demonic willpower
a: Begin Untransformation, Renounce Religion, Recall Undead Harvest


You were on level 13 of the Dungeon.
You worshipped Yredelemnul.
Yredelemnul was aware of your devotion.
You were something dangerously unstable.
You visited 3 branches of the dungeon, and saw 19 of its levels.

You collected 2133 gold pieces.
You spent 1080 gold pieces at shops.

Inventory:

Hand Weapons
 j - a +1 dagger of venom
Missiles
 i - a throwing net
 l - 4 javelins
 I - 5 curare-tipped darts
Armour
 a - a +0 pair of boots of flying (worn)
 c - an orb of light (melded)
 F - a +2 pair of gloves (worn)
 H - a +0 cloak (worn)
 N - the +3 plate armour of the Journeyman (worn) {Drain Will+ Regen+}
   (You bought it in a shop on level 8 of the Dungeon)

   Will+:     It increases your willpower.
   Regen+:    It increases your rate of health regeneration.
   Drain:     It drains your maximum health when unequipped.
Jewellery
 d - an amulet of faith (around neck)
 s - a +6 ring of dexterity
 G - a ring of willpower
 K - a +5 ring of evasion (left hand)
 V - a +6 ring of strength (right hand)
Talismans
 z - a talisman of death
 L - the flux talisman of Gyblewae (active) {Dex+5}
   (You found it on level 9 of the Dungeon)

   [flux talisman]

   Dex+5:     It affects your dexterity (+5).
 R - the maw talisman "Kyasin" {*Corrode rElec Will+++}
   (You found it on level 6 of the Dungeon)

   [maw talisman]

   rElec:     It insulates you from electricity.
   Will+++:   It greatly increases your willpower.
   *Corrode:  It may corrode you when you take damage.
Wands
 t - a wand of paralysis (19)
 y - a wand of flame (33)
 E - a wand of acid (20)
 M - a wand of polymorph (8)
Scrolls
 e - 10 scrolls of teleportation
 f - 2 scrolls of amnesia
 g - a scroll of silence
 h - 3 scrolls of vulnerability
 m - 5 scrolls of fear
 n - 4 scrolls of fog
 p - 3 scrolls of poison
 q - 2 scrolls of revelation
 r - 4 scrolls of immolation
 w - 5 scrolls of noise
 A - 3 scrolls of torment
 B - a scroll of identify
 J - 2 scrolls of enchant weapon
 U - a scroll of blinking
 X - a scroll of enchant armour
Potions
 b - 2 potions of ambrosia
 k - 6 potions of curing
 o - a potion of resistance
 u - 8 potions of might
 v - 3 potions of enlightenment
 x - 3 potions of haste
 C - 2 potions of mutation
Miscellaneous
 O - a box of beasts


   Skills:
 + Level 11.1 Fighting
 - Level 7.0 Armour
 - Level 2.7 Dodging
 + Level 12.3 Unarmed Combat
 - Level 10.0 Invocations
 * Level 15.0 Shapeshifting


You had 13 spell levels left.
You didn't know any spells.
Your spell library contained the following spells:

 Spells                   Type           Power      Damage    Failure   Level
 Magic Dart               Conj           0%         1d3       99%         1
 Sting                    Tmut/Pois      0%         1d3       99%         1
 Ensorcelled Hibernation  Hex/Ice        0%         N/A       100%        2
 Passwall                 Tmut/Erth      0%         N/A       100%        2
 Poisonous Vapours        Pois/Air       0%         N/A       100%        2
 Searing Ray              Conj           0%         2d4       100%        2
 Frozen Ramparts          Ice            0%         1d1       100%        3
 Ignite Poison            Fire/Tmut/Pois 0%         N/A       100%        3
 Summon Guardian Golem    Hex/Summ       0%         N/A       100%        3
 Swiftness                Air            0%         N/A       100%        3
 Volatile Blastmotes      Fire/Tloc      0%         2d10      100%        3
 Fulminant Prism          Conj/Hex       0%         3d5       100%        4
 Iskenderun's Mystic Bla  Conj/Tloc      0%         2d3       100%        4
 Olgreb's Toxic Radiance  Pois           0%         N/A       100%        4
 Passage of Golubria      Tloc           0%         N/A       100%        4
 Petrify                  Tmut/Erth      0%         N/A       100%        4
 Sticky Flame             Conj/Fire      0%         2d3       100%        4
 Metabolic Englaciation   Hex/Ice        0%         N/A       100%        5
 Silence                  Hex/Air        0%         N/A       100%        5
 Orb of Destruction       Conj           0%         9d5       100%        7
 Ozocubu's Refrigeration  Ice            0%         4d7       100%        7
 Spellforged Servitor     Conj/Summ      0%         N/A       100%        7
 Ignition                 Fire           0%         3d3       100%        8
 Lehudib's Crystal Spear  Conj/Erth      0%         10d2      100%        8
 Polar Vortex             Ice            0%         N/A       100%        9
 Simulacrum               Ice/Necr       Unusable   N/A       N/A         6

Dungeon Overview and Level Annotations

Branches:
Dungeon (13/15)            Temple (1/1) D:6            Lair (5/5) D:9
 Shoals (0/4) Lair:3       Spider (0/4) Lair:3        Slime (0/5) Lair:4
    Orc (0/2) D:10
 Vaults: D:13-14

Altars:
Ashenzari
Cheibriados
Dithmenos
Fedhas
Gozag
Hepliaklqana
Kikubaaqudgha
Makhleb
Nemelex Xobeh
Okawaru
Qazlal
Ru
Sif Muna
Trog
Uskayaw
Vehumet
Wu Jian
Xom
Yredelemnul
Jiyva

Shops:
D:6 ([   D:8 [   D:11 ?

Portals:
Ice
Cave: D:13

Annotations:
D:13 Josephine


Innate Abilities, Weirdness & Mutations

You are something dangerously unstable.
You glow with magical radiation, making you easy to see and hit.
Foes you strike become dangerously contaminated with magical radiation.
You are incapable of wielding weapons or throwing items.
You have a pair of large horns on your head.
You are mostly covered in thin metallic scales. (AC +3)
You sometimes emit foul miasma when damaged in melee.
You are mostly covered in sharp spines.
You are resistant to unholy torment.
You punish those that try to bend your will. (Will+)


Message History

Unknown command.
You are too injured to fight recklessly!
Unknown command.
Okay, then.
You swap places.
Your spectral white imp hits the wraith.
The cyan ugly thing is engulfed in blazing flames.
The cyan ugly thing headbutts you but does no damage.
Josephine hits you but does no damage. The boulder beetle bites you.
You emit a cloud of foul miasma!
The efreet hits you but does no damage.
The wraith barely misses your tengu warrior zombie.
Your spectral white imp hits the boulder beetle but does no damage.
Things that are here:
a +0 battleaxe; a +0 ring mail You hit the efreet.
The efreet begins to glow.
You headbutt the efreet.
The efreet is heavily wounded.
Your spectral white imp hits the wraith but does no damage.
The cyan ugly thing headbutts you! The cyan ugly thing shocks you!
* * * LOW HITPOINT WARNING * * *
Your phantasmal warrior hits the wraith!
Your tengu warrior zombie hits the wraith but does no damage.
Your tengu warrior zombie pecks the wraith.
Your tengu warrior zombie claws the wraith.
You hit the efreet.
The efreet glows dangerously bright.
The efreet is severely wounded.
The wraith hits your tengu warrior zombie.
The wraith drains your tengu warrior zombie's vigour!
Your tengu warrior zombie seems to slow down.
Josephine is struck by your spines. Josephine barely misses you.
The boulder beetle is engulfed in dark miasma.
The boulder beetle is poisoned.
The boulder beetle seems to slow down.
The boulder beetle barely misses you. The efreet is struck by your spines.
The efreet misses you.
Your spectral white imp hits the boulder beetle.
Your spectral white imp hits the wraith but does no damage.
The cyan ugly thing headbutts you!
* * * LOW HITPOINT WARNING * * *
The cyan ugly thing shocks you!
You die...
Your body rises from the dead as a mindless zombie.

#.......#
##...∩...#
###........#
#..........#
#...[......#
#.........#
#.........#
#.WZZZ....#
#..WBpR...#
###W#u@#+##
#W##.# # °.#
##.# ... #.#
#.# #.#


You could see a boulder beetle (poisoned, contam, slow), Josephine, a cyan ugly
thing, an efreet (heavy contam), 2 wraiths, a friendly phantasmal warrior
(summoned), 2 friendly spectral white imps and a friendly tengu warrior zombie
(slow).

Vanquished Creatures
  Fannar (Lair:2)
  A catoblepas (Lair:3)
  2 hydras
  2 boulder beetles
  A tengu warrior (D:13)
  Sonja (Lair:2)
  A fire crab (Lair:5)
  A skyshark (Lair:5)
  4 skeletal warriors (D:12)
  An orb spider (Lair:3)
  An oklob plant (D:11)
  2 manticores (D:12)
  4 black mambas
  5 elephants (Lair:4)
  3 molten gargoyles
  7 cane toads
  2 unseen horrors
  4 kobold demonologists
  An efreet (D:13)
  10 komodo dragons
  2 trolls (D:12)
  3 hornets
  7 blink frogs
  Prince Ribbit (D:7)
  A snapping turtle (Lair:3)
  3 shadows
  4 slime creatures (D:12)
  A water elemental (Lair:3)
  2 wraiths
  6 wyverns
  18 yaks
  A human (D:7)
  Grum (D:8)
  3 steam dragons
  2 hogs (D:7)
  3 vampire mosquitoes (D:13)
  4 basilisks (Lair:5)
  2 wargs (D:10)
  3 hell hounds (Lair:5)
  19 water moccasins
  6 acid dragons
  5 orc warriors
  2 black bears
  An ice beast (D:5)
  A sky beast (D:6)
  2 ogres
  20 wolves
  5 centaurs
  5 kobold brigands
  Blork the orc (D:6)
  11 bullfrogs
  3 scorpions
  14 wights
  7 killer bees (D:9)
  4 howler monkeys
  8 lava snakes
  4 hounds
  8 orc priests
  Crazy Yiuf (D:7)
  2 jellies (D:6)
  2 sleepcaps
  3 iguanas
  7 orc wizards
  18 adders
  A shadow imp (D:6)
  10 white imps
  6 ufetubi
  3 worms
  5 dart slugs
  29 orcs
  5 bats
  4 endoplasms
  3 giant cockroaches
  4 goblins
  5 hobgoblins
  7 jackals
  3 quokkas
  10 ball pythons
  6 frilled lizards
  31 kobolds
  6 rats
418 creatures vanquished.

Vanquished Creatures (collateral kills)
  A fire dragon (Lair:5)
  A hydra (Lair:5)
  Joseph (D:7)
  4 black mambas
  An elephant (Lair:4)
  2 molten gargoyles (Lair:5)
  A cane toad (Lair:3)
  2 komodo dragons (Lair:5)
  A blink frog (Lair:2)
  A slime creature (D:12)
  A shadow (D:9)
  A hog (D:7)
  2 yaks (Lair:2)
  A steam dragon (Lair:5)
  2 water moccasins
  A hell hound (Lair:5)
  An ogre (D:6)
  5 wolves
  A kobold brigand (D:9)
  A wight (D:9)
  2 killer bees (D:9)
  An oklob sapling (D:11)
  An electric eel (Lair:3)
  A lava snake (Lair:5)
  An orc priest (D:7)
  3 white imps (D:13)
  An orc (D:7)
  2 ball pythons (D:11)
  6 kobolds
49 creatures vanquished.

Vanquished Creatures (others)
  2 hydra zombies (Lair:5)
  4 black mamba zombies
  A skyshark zombie (Lair:5)
  A spectral efreet (D:13)
  A cane toad zombie (Lair:2)
  A manticore zombie (D:12)
  2 komodo dragon zombies (Lair:5)
  2 wyvern zombies (Lair:5)
  3 hell hound zombies (Lair:5)
  7 water moccasin zombies
  A troll zombie (D:12)
  2 yak zombies (Lair:5)
  8 wolf zombies
  A lava snake (Lair:4)
  2 bullfrog zombies
  2 basilisk zombies (Lair:5)
  A killer bee zombie (D:9)
  A hound zombie (D:7)
  A gnoll zombie (D:8)
  An adder zombie (D:11)
  4 lava snake zombies
  3 spectral white imps (D:13)
  5 ball python zombies (D:11)
  6 kobold zombies
  3 orc zombies
  A spectral ufetubus (D:7)
66 creatures vanquished.

Grand Total: 533 creatures vanquished

Notes
Turn   | Place    | Note
-------+----------+-------------------------------------------
     0 | D:1      | Malachi the Demonspawn Monk began the quest for the Orb.
     0 | D:1      | Reached XP level 1. HP: 18/18 MP: 1/1
   313 | D:1      | Gained mutation: You may rarely emit foul miasma when
                  | damaged in melee. [demonic ancestry]
   313 | D:1      | Reached XP level 2. HP: 14/24 MP: 2/2
   922 | D:2      | Gained mutation: You are partially covered in sharp spines.
                  | [demonic ancestry]
   922 | D:2      | Reached XP level 3. HP: 28/29 MP: 3/3
  1089 | D:2      | Found a faded altar of an unknown god.
  1193 | D:2      | Reached XP level 4. HP: 35/35 MP: 4/4
  1715 | D:2      | Reached skill level 5 in Unarmed Combat
  1829 | D:3      | Gained mutation: You have a pair of small horns on your
                  | head. [demonic ancestry]
  1829 | D:3      | Reached XP level 5. HP: 36/41 MP: 5/5
  2169 | D:3      | Found a sacrificial altar of Ru.
  2445 | D:2      | Prayed at the altar of an unknown god.
  2445 | D:2      | Became a worshipper of Vehumet
  2445 | D:2      | Reached * piety under Vehumet
  2445 | D:2      | Offered knowledge of Magic Dart by Vehumet.
  2445 | D:2      | Reached ** piety under Vehumet
  2619 | D:4      | Offered knowledge of Foxfire by Vehumet.
  2620 | D:4      | Reached XP level 6. HP: 41/47 MP: 6/6
  2879 | D:4      | Offered knowledge of Hailstorm by Vehumet.
  2970 | D:4      | Reached *** piety under Vehumet
  3109 | D:4      | Gained mutation: You are mostly covered in sharp spines.
                  | [demonic ancestry]
  3109 | D:4      | Reached XP level 7. HP: 12/52 MP: 7/7
  3570 | D:5      | Entered Level 5 of the Dungeon
  3637 | D:5      | Found an iron altar of Okawaru.
  3905 | D:5      | Offered knowledge of Flame Wave by Vehumet.
  3912 | D:5      | Identified the +4 whip "Lebb" {freeze, rElec MP-9 Str+2
                  | Dex+5}
  4015 | D:5      | Gained mutation: You have a pair of horns on your head.
                  | [demonic ancestry]
  4015 | D:5      | Reached XP level 8. HP: 52/61 MP: 8/8
  4321 | D:6      | Reached skill level 5 in Fighting
  4337 | D:6      | Noticed Blork the orc
  4341 | D:6      | Found Gocum's Antique Weapon Shop.
  4346 | D:6      | Killed Blork the orc
  4393 | D:6      | Found a staircase to the Ecumenical Temple.
  4544 | D:6      | Fell from the grace of Vehumet
  4552 | Temple   | Entered the Ecumenical Temple
  4661 | Temple   | Became a worshipper of Yredelemnul the Dark
  4724 | D:6      | Identified the maw talisman "Kyasin" {*Corrode rElec
                  | Will+++}
  4758 | D:6      | Found Etadghif's Armour Boutique.
  4891 | D:6      | Reached * piety under Yredelemnul
  5501 | D:6      | Identified the +0 leather armour of Recklessness {Dex+3}
  5593 | D:6      | Reached ** piety under Yredelemnul
  5839 | D:7      | Noticed a boulder beetle
  5840 | D:7      | Noticed Prince Ribbit
  5846 | D:7      | Killed Prince Ribbit
  5851 | D:7      | Gained mutation: You have a pair of large horns on your
                  | head. [demonic ancestry]
  5851 | D:7      | Reached XP level 9. HP: 52/72 MP: 9/9
  6185 | D:7      | Noticed Joseph
  6196 | D:6      | HP: 2/72 [boulder beetle (21)]
  6199 | D:6      | Killed a boulder beetle
  6200 | D:6      | Reached skill level 10 in Unarmed Combat
  8410 | D:7      | Reached *** piety under Yredelemnul
  8410 | D:7      | Gained mutation: You are partially covered in thin metallic
                  | scales. (AC +2) [demonic ancestry]
  8410 | D:7      | Reached XP level 10. HP: 54/83 MP: 10/10
  8528 | D:7      | Killed Joseph
  8721 | D:7      | Found a runed translucent door.
  8722 | D:7      | Noticed Crazy Yiuf
  8946 | D:7      | Killed Crazy Yiuf
  8978 | D:7      | Reached **** piety under Yredelemnul
  9008 | D:8      | Noticed Grum
  9020 | D:8      | Killed Grum
  9032 | D:8      | Your ally Grum died
  9260 | D:8      | Reached skill level 10 in Fighting
  9486 | D:8      | Found Eshrinwee's Antique Armour Boutique.
 10570 | D:9      | Found a staircase to the Lair.
 10706 | D:9      | Identified the flux talisman of Gyblewae {Dex+5}
 10843 | D:9      | Reached skill level 1 in Invocations
 11003 | D:9      | Reached ***** piety under Yredelemnul
 11325 | Lair:1   | Entered Level 1 of the Lair of Beasts
 11368 | Lair:1   | Noticed a black mamba
 11376 | Lair:1   | Killed a black mamba
 11377 | Lair:1   | Reached skill level 1 in Shapeshifting
 11402 | Lair:1   | Was forgiven by Vehumet
 11482 | Lair:1   | Gained mutation: You are mostly covered in thin metallic
                  | scales. (AC +3) [demonic ancestry]
 11482 | Lair:1   | Reached XP level 11. HP: 74/92 MP: 13/13
 11653 | Lair:1   | Reached skill level 2 in Shapeshifting
 11825 | Lair:1   | Reached skill level 5 in Invocations
 12166 | Lair:1   | Identified a scroll of acquirement
 12167 | Lair:1   | Acquired a manual of Shapeshifting
 12325 | Lair:2   | Reached skill level 3 in Shapeshifting
 12573 | Lair:2   | Noticed Sonja
 12583 | Lair:2   | Killed Sonja
 12584 | Lair:2   | Reached skill level 4 in Shapeshifting
 12812 | Lair:2   | Noticed Fannar
 12866 | Lair:2   | Killed Fannar
 12867 | Lair:2   | Reached skill level 5 in Shapeshifting
 13173 | Lair:2   | Noticed a boulder beetle
 13190 | Lair:2   | Killed a boulder beetle
 13191 | Lair:2   | Reached skill level 6 in Shapeshifting
 13226 | Lair:2   | Reached ****** piety under Yredelemnul
 13455 | Lair:2   | Reached skill level 7 in Shapeshifting
 14112 | Lair:2   | Reached skill level 8 in Shapeshifting
 14125 | Lair:2   | Reached skill level 10 in Invocations
 14125 | Lair:2   | Gained mutation: You punish those that try to bend your
                  | will. (Will+) [demonic ancestry]
 14125 | Lair:2   | Reached XP level 12. HP: 33/99 MP: 14/19
 14331 | Lair:2   | Reached skill level 9 in Shapeshifting
 14673 | Lair:3   | Reached skill level 10 in Shapeshifting
 14684 | Lair:3   | Noticed a catoblepas
 14705 | Lair:3   | Killed a catoblepas
 14903 | Lair:3   | Reached skill level 11 in Shapeshifting
 15344 | Lair:3   | Found a hole to the Spider Nest.
 15353 | Lair:3   | Reached skill level 12 in Shapeshifting
 15422 | Lair:3   | Found a staircase to the Shoals.
 15718 | Lair:3   | Acquired 1029 gold pieces
 15833 | D:8      | Bought a pitted plate armour for 1008 gold pieces
 15833 | D:8      | Identified the +3 plate armour of the Journeyman {Drain
                  | Will+ Regen+} (You bought it in a shop on level 8 of the
                  | Dungeon)
 16352 | Lair:4   | Found a viscous altar of Jiyva.
 16368 | Lair:4   | Noticed a four-headed hydra
 16375 | Lair:4   | Killed a four-headed hydra
 16431 | Lair:4   | Found a staircase to the Slime Pits.
 16487 | Lair:4   | Reached skill level 13 in Shapeshifting
 17179 | Lair:5   | Entered Level 5 of the Lair of Beasts
 17185 | Lair:5   | Reached skill level 1 in Armour
 17339 | Lair:5   | Noticed a five-headed hydra
 17344 | Lair:5   | Killed a five-headed hydra
 17345 | Lair:5   | Gained mutation: You sometimes emit foul miasma when
                  | damaged in melee. [demonic ancestry]
 17345 | Lair:5   | Reached XP level 13. HP: 99/105 MP: 20/20
 17726 | Lair:5   | Reached skill level 14 in Shapeshifting
 17897 | Lair:5   | Reached skill level 5 in Armour
 18076 | Lair:5   | Found a large runed translucent door.
 18077 | Lair:5   | Found a large runed translucent door.
 18080 | Lair:5   | Noticed a fire dragon
 18095 | Lair:5   | Killed a fire dragon
 18662 | D:10     | Entered Level 10 of the Dungeon
 19184 | D:10     | Found a staircase to the Orcish Mines.
 19752 | D:11     | Found Tiat Sowki's Magic Scroll Emporium.
 19759 | D:11     | Bought a scroll of identify for 24 gold pieces
 19759 | D:11     | Bought a scroll of identify for 24 gold pieces
 19759 | D:11     | Bought a scroll of identify for 24 gold pieces
 20144 | D:12     | Identified the +0 leather armour "Ral Zaecw" {rF++ rCorr}
 21060 | D:13     | Reached skill level 15 in Shapeshifting
 21063 | D:13     | Gained mutation: You are resistant to unholy torment.
                  | [demonic ancestry]
 21063 | D:13     | Reached XP level 14. HP: 94/113 MP: 21/21
 21063 | D:13     | Found a frozen archway.
 21074 | D:13     | Noticed Josephine
 21089 | D:13     | Slain by a cyan ugly thing

Illustrated notes

Levels and vault maps discovered:
D:1:      dpeg_arrival_round_b, layout_loops_cross
D:2:      layout_rooms, shapermc_ecumenical_altar_venn
D:3:      layout_rooms, overflow_temple_1_default, kennysheep_generic_room_12
D:4:      layout_basic
D:5:      layout_cave_pods, okawaru_ov_weapons_minmay, minivault_25,
          eino_small_chamber_without_monster
D:6:      layout_basic, minmay_temple_entry_grid, serial_shops,
          nicolae_shop_real_fake_doors, nicolae_shop_tiny_waterfront,
          dk_noncrumbling_2, kennysheep_generic_room_6, uniq_blork_the_orc
D:7:      layout_cave_pools, grunt_livestock, uniq_prince_ribbit1,
          uniq_crazy_yiuf_cottage, uniq_joseph
D:8:      layout_basic, serial_shops, nicolae_diamond_shop, uniq_grum
D:9:      layout_long_grid, lair_entry_dummy
D:10:     layout_cave_pods, david_orc_1_choice, serial_glass, glass_columns_b,
          glass_columns_a, glass_columns_b, glass_columns_b, glass_columns_b,
          glass_columns_a, glass_columns_a, glass_columns_a
D:11:     layout_rooms, serial_shops, shop_scrolls, introduction_to_nature_1
D:12:     layout_gridville
D:13:     layout_basic, lightli_vaults_fourway_checkpoint,
          portal_ice_cave_entry_imps, nicolae_uskayaw_murder_on_the_dancefloor,
          uniq_josephine
Temple:   nicolae_temple_bog_church
Lair:1:   layout_roguey
Lair:2:   layout_cave_pods, grunt_megastairs_3, uniq_fannar, uniq_sonja
Lair:3:   layout_loops_ring, minmay_shoals_entry_hut,
          nicolae_spider_entry_orb_guardian
Lair:4:   cheibrodos_magma_flow, layout_regular_city, slime_entry_1
Lair:5:   cheibrodos_lair_end_hotspot, layout_long_grid

Skill      XL: |  1  2  3  4  5  6  7  8  9 10 11 12 13 |
---------------+----------------------------------------+-----
Unarmed Combat | 3 4 5 6 7 8 9 10 12 | 12.3
Fighting       | 4 7 9 10 11 | 11.1
Invocations    | 3 10 | 10.0
Shapeshifting  | 1 8 13 15 | 15.0
Armour         | 2 7 |  7.0
Dodging        | |  2.7

Action                     |  1- 3 |  4- 6 |  7- 9 | 10-12 | 13-15 || total
---------------------------+-------+-------+-------+-------+-------++-------
  Melee: Unarmed           |   105 |    96 |   150 |   385 |   342 ||  1078
         Headbutt          |       |    19 |    41 |   111 |   112 ||   283
 Invoke: Renounce Religion |       |       |     1 |       |       ||     1
         Dark Bargain      |       |       |       |     8 |     2 ||    10
  Evoke: Wand              |       |       |       |     3 |       ||     3
    Use: Scroll            |       |     3 |     3 |    12 |     6 ||    24
         Potion            |       |       |     4 |       |     4 ||     8
   Stab: Distracted        |       |       |       |     4 |    10 ||    14
         Paralysed         |       |       |       |     1 |       ||     1
 Armour: Robe              |    20 |       |       |       |       ||    20
         Ring mail         |    25 |    60 |    39 |       |       ||   124
         Chain mail        |       |       |    96 |    11 |       ||   107
         Plate armour      |       |       |       |   341 |   307 ||   648
  Dodge: Dodged            |    58 |    43 |    63 |   146 |   183 ||   493
   Form: Flux              |       |       |       |     1 |     1 ||     2
         Maw               |       |       |       |       |     1 ||     1

Table legend: (Time is in decaauts)
 A = Elapsed time spent in this place.
 B = Non-inter-level travel time spent in this place.
 C = Inter-level travel time spent in this place.
 D = Time resting spent in this place.
 E = Time spent auto-exploring this place.
 F = Levels seen in this place.
 G = Mean time per level.
                   A        B        C        D        E       F      G
               +--------+--------+--------+--------+--------+-----+--------+
         Total |  20936 |  19930 |   1006 |   4435 |  12423 |  19 | 1101.9 |
       Dungeon |  13831 |  13199 |    632 |   3016 |   8236 |  13 | 1063.9 |
        Temple |    126 |    110 |     16 |      0 |      0 |   1 |  126.0 |
          Lair |   6978 |   6621 |    357 |   1419 |   4187 |   5 | 1395.6 |
               +--------+--------+--------+--------+--------+-----+--------+

Top non-repeatable levels by time:
     D:6: 3222 daAuts
  Lair:2: 2164 daAuts
     D:7: 1397 daAuts
     D:8: 1301 daAuts
  Lair:4: 1298 daAuts
  Lair:5: 1265 daAuts
     D:9: 1256 daAuts
  Lair:3: 1198 daAuts
     D:4: 1136 daAuts
  Lair:1: 1050 daAuts
     D:1: 910 daAuts
     D:2: 909 daAuts
    D:12: 900 daAuts
    D:10: 875 daAuts
     D:5: 713 daAuts
